 Dungeon Crawl Stone Soup version 0.31-a0-180-g519b7de00c (webtiles) character file.

Game seed: 7908538400686848823

398 frimble the Ruffian (level 6, -1/39 HPs)
             Began as an Octopode Warper on June 20, 2023.
             Killed from afar by an orc wizard (6 damage)
             ... with a magic dart
             ... on level 3 of the Dungeon.
             The game lasted 00:03:20 (3002 turns).

frimble the Ruffian (Octopode Warper)               Turns: 3002, Time: 00:03:20

Health: -1/39      AC:  1    Str: 13    XL:     6   Next: 83%
Magic:  7/9        EV: 13    Int: 15    God:
Gold:   103        SH:  0    Dex: 11    Spells: 6/9 levels left

rFire   . .          .
                       - Unarmed
rCold   . . .        (no shield)
rNeg    . . .        (helmet restricted)
rPois   .            (no amulet)
rElec   .            (no ring)
rCorr   .            (no ring)
SInv    .            (no ring)
Will    .....        (no ring)
Stlth   ++           (no ring)
HPRegen 0.26/turn    (no ring)
MPRegen 0.11/turn    (no ring)
                     (no ring)

%: no passive effects
@: about to teleport, on blink cooldown
A: almost no armour, amphibious, 8 rings, camouflage 1, gelatinous body 1,
(nimble swimmer 1), tentacles
a: no special abilities


You were on level 3 of the Dungeon.
You visited 1 branch of the dungeon, and saw 3 of its levels.
You also visited: Sewer.

You collected 103 gold pieces.

Inventory:

Missiles
 b - 6 boomerangs of dispersal
 c - 13 poisoned darts (quivered)
Scrolls
 a - a scroll of blinking
 i - a scroll of acquirement {unknown}
Potions
 d - a potion of heal wounds
 e - a potion of cancellation {unknown}
 f - a potion of berserk rage
 g - a potion of resistance {unknown}
 j - 2 potions of haste {unknown}


   Skills:
 - Level 2.0 Fighting
 - Level 1.0 Throwing
 - Level 2.3 Dodging
 + Level 6.5 Unarmed Combat
 - Level 2.0 Spellcasting
 - Level 4.0 Translocations


You had 6 spell levels left.
You knew the following spells:

 Your Spells              Type           Power      Damage    Failure   Level
a - Blink                 Tloc           26%        N/A       6%          2
b - Apportation           Tloc           26%        N/A       4%          1

Your spell library contained the following spells:

 Spells                   Type           Power      Damage    Failure   Level
 Lesser Beckoning         Tloc           26%        N/A       6%          2
 Teleport Other           Tloc           13%        N/A       13%         3
 Necrotise                Necr           4%         1d4       22%         1
 Shock                    Conj/Air       4%         1d3       22%         1
 Summon Small Mammal      Summ           4%         N/A       22%         1
 Vhi's Electric Charge    Tloc/Air       14%        N/A       28%         3
 Ensorcelled Hibernation  Hex/Ice        2%         N/A       32%         2
 Manifold Assault         Tloc           13%        N/A       38%         4
 Spider Form              Tmut/Pois      1%         N/A       54%         3
 Swiftness                Air            1%         N/A       54%         3
 Airstrike                Air            0%         2d(1-17)  91%         4
 Anguish                  Hex/Necr       0%         N/A       91%         4
 Dispersal                Tloc           6%         N/A       100%        6
 Disjunction              Tloc           6%         N/A       100%        8


Dungeon Overview and Level Annotations

Branches:
Dungeon (3/15)              Sewer (visited)

Altars:
Dithmenos

Shops:
D:1 ?


Innate Abilities, Weirdness & Mutations

You cannot wear most types of armour.
You are amphibious.
You can wear up to eight rings at the same time.
Your skin changes colour to match your surroundings (Stealth+).
Your rubbery body absorbs attacks. (AC +1, EV +1)
((You are camouflaged when in or above water. (Stealth+)))
You have tentacles for arms and can constrict up to eight enemies at once.


Message History

The puff of flame misses you. The hobgoblin attacks as you move away!
The hobgoblin barely misses you. Something hits you.
The orc hits you with a +0 dagger.
You completely miss the orc. Your squeeze misses the orc.
The orc is moderately wounded.
Something hits you.
A frilled lizard comes into view.
The hobgoblin hits you. The orc barely misses you. The orc misses you.
You closely miss the hobgoblin. Something hits you. The orc barely misses you.
The hobgoblin closely misses you. Something hits you.
The orc hits you with a +0 flail. The hobgoblin barely misses you.
The orc barely misses you. The orc hits you with a +0 mace.
The orc closely misses you.
You barely miss the orc. You squeeze the orc.
The orc is heavily wounded.
The orc hits you with a +0 dagger. The hobgoblin hits you.
The orc hits you with a +0 mace.
* * * LOW HITPOINT WARNING * * *
You tentacle-slap the orc but do no damage.
You tentacle-slap the orc.
The orc is lightly wounded.
You feel less confused. Something hits you.
* * * LOW HITPOINT WARNING * * *
The orc hits you with a +0 dagger.
* * * LOW HITPOINT WARNING * * *
The hobgoblin hits you.
* * * LOW HITPOINT WARNING * * *
The orc closely misses you.
Casting: Blink (safe; 6% risk of failure)
Confirm with . or Enter, or press ? or * to list all spells.
You blink.
You aren't carrying any items that you can evoke.
As you read the scroll of teleportation, it crumbles to dust.
You feel strangely unstable. The orc attacks as you move away!
The orc barely misses you.
A magic dart appears from out of thin air!
The magic dart hits you.
You die...

#....................##
#......................
#......................
###.[.....##.............
..........##.............
.........[##.{.).........
........# #...ol.....###
........###..g.......#
#........÷.@.oo........# .
#...........#..........# ...
#........~~~#..........#....
#.......~~~~#...............
#.......~~~~#...............
#......~~~~.#...†...##......
#......######......## ......
#.....#†...'.....#... .....
#.....#†...##....##... ...


You could see 3 orcs, a hobgoblin and a frilled lizard.

Vanquished Creatures
  3 kobold brigands (Sewer)
  7 adders
  3 river rats (Sewer)
  5 worms
  3 orcs (D:3)
  7 ball pythons
  12 endoplasms
  5 giant cockroaches
  3 goblins
  5 hobgoblins
  7 jackals (D:1)
  5 kobolds
  7 quokkas
  9 bats
  A frilled lizard (D:2)
  11 rats
93 creatures vanquished.

Notes
Turn   | Place    | Note
-------+----------+-------------------------------------------
     0 | D:1      | frimble the Octopode Warper began the quest for the Orb.
     0 | D:1      | Reached XP level 1. HP: 14/14 MP: 3/3
    94 | D:1      | Reached XP level 2. HP: 14/19 MP: 5/5
   108 | D:1      | Reached skill level 3 in Unarmed Combat
   608 | D:1      | Reached XP level 3. HP: 15/24 MP: 6/6
   876 | D:1      | Found Mealoo's Magic Scroll Boutique.
  1004 | D:2      | Found a shadowy altar of Dithmenos.
  1030 | D:2      | Reached skill level 4 in Unarmed Combat
  1093 | D:2      | Learned a level 2 spell: Blink
  1321 | D:2      | Learned a level 1 spell: Apportation
  1477 | D:2      | Reached XP level 4. HP: 14/29 MP: 7/7
  2013 | D:3      | Found a glowing drain.
  2043 | Sewer    | Entered a sewer
  2133 | Sewer    | Noticed a kobold brigand
  2138 | Sewer    | Killed a kobold brigand
  2139 | Sewer    | Reached XP level 5. HP: 34/34 MP: 8/8
  2170 | Sewer    | Reached skill level 5 in Unarmed Combat
  2462 | Sewer    | Noticed a kobold brigand
  2476 | Sewer    | Killed a kobold brigand
  2477 | Sewer    | Reached XP level 6. HP: 9/39 MP: 7/9
  2675 | Sewer    | Reached skill level 6 in Unarmed Combat
  3002 | D:3      | Killed from afar by an orc wizard

Illustrated notes

Levels and vault maps discovered:
D:1:      minmay_arrival_stone_box, layout_basic, serial_shops,
          nicolae_shop_back_alley_shop
D:2:      layout_loops_corners, basic_altar, grunt_ministairs_15,
          minmay_pentomino_w4
D:3:      layout_basic, portal_sewer_entry_b

Skill      XL: |  1  2  3  4  5  6 |
---------------+-------------------+-----
Unarmed Combat | 3 4 5 6 |  6.5
Translocations | 4 |  4.0
Fighting       | |  2.0
Throwing       | |  1.0
Dodging        | |  2.3
Spellcasting   | |  2.0

Action                     |  1- 3 |  4- 6 || total
---------------------------+-------+-------++-------
  Melee: Unarmed           |    85 |   134 ||   219
         Tentacles         |    19 |    29 ||    48
         Constrict         |    23 |    33 ||    56
         Punch             |     2 |     3 ||     5
  Throw: Boomerang         |       |     1 ||     1
         Dart              |       |     2 ||     2
   Cast: Blink             |       |     2 ||     2
    Use: Scroll            |       |     5 ||     5
   Stab: Sleeping          |     7 |     9 ||    16
 Armour: Skin              |     9 |     6 ||    15
  Dodge: Dodged            |    69 |    61 ||   130

Table legend: (Time is in decaauts)
 A = Elapsed time spent in this place.
 B = Non-inter-level travel time spent in this place.
 C = Inter-level travel time spent in this place.
 D = Time resting spent in this place.
 E = Time spent auto-exploring this place.
 F = Levels seen in this place.
 G = Mean time per level.
                   A        B        C        D        E       F      G
               +--------+--------+--------+--------+--------+-----+--------+
         Total |   2983 |   2853 |    130 |      0 |   2264 |   4 |  745.8 |
       Dungeon |   2072 |   1942 |    130 |      0 |   1581 |   3 |  690.7 |
         Sewer |    910 |    910 |      0 |      0 |    683 |   1 |  910.0 |
               +--------+--------+--------+--------+--------+-----+--------+

Top non-repeatable levels by time:
     D:2: 1017 daAuts
     D:1: 945 daAuts
   Sewer: 910 daAuts
     D:3: 110 daAuts
